 Dungeon Crawl Stone Soup version 0.26.0-10-g1f06aea511 (webtiles) character file.

Game seed: 6128490499117224228

153 septik the Grave Robber (level 5, -1/38 HPs)
             Began as a Demonspawn Necromancer on Jan 25, 2021.
             Shot with a stone by an orc (2 damage)
             ... on level 3 of the Dungeon.
             The game lasted 00:13:26 (3536 turns).

septik the Grave Robber (Demonspawn Necromancer)    Turns: 3536, Time: 00:13:29

Health: -1/38      AC:  2    Str:  8    XL:     5   Next: 12%
Magic:  0/10       EV: 12    Int: 18    God:
Gold:   240        SH:  0    Dex: 13    Spells: 9/11 levels left

rFire    . . .     SeeInvis .   j - +0 short sword
rCold    . . .     Faith    .   (no shield)
rNeg     . . .     Spirit   +   a - +0 robe
rPois    +         Reflect  .   (helmet restricted)
rElec    .         Harm     .   (no cloak)
rCorr    .         Rampage  .   (no gloves)
Will     .....                  (no boots)
Stlth    ++........             (no amulet)
HPRegen  0.12/turn              d - ring of poison resistance
MPRegen  0.12/turn              (no ring)

@: no status effects
A: horns 1, spiny 1, magic shield
a: no special abilities


You were on level 3 of the Dungeon.
You visited 1 branch of the dungeon, and saw 3 of its levels.

You collected 240 gold pieces.

Inventory:

Hand Weapons
 b - a +0 club
 j - a +0 short sword (weapon)
 k - a +0 antimagic whip
Missiles
 g - 4 atropa-tipped darts
Armour
 a - a +0 robe (worn)
Jewellery
 d - a ring of poison resistance (left hand)
Scrolls
 c - 4 scrolls of identify {unknown}
 f - 3 scrolls of amnesia {unknown}
 i - 2 scrolls of teleportation {unknown}
Potions
 e - 2 potions of invisibility {unknown}
 h - 2 potions of curing {unknown}
 l - 2 potions of ambrosia {unknown}
 m - a potion of degeneration {unknown}


   Skills:
 + Level 2.0 Fighting
 - Level 1.7 Dodging
 - Level 1.7 Stealth
 + Level 3.5 Spellcasting
 + Level 5.4 Necromancy


You had 9 spell levels left.
You knew the following spells:

 Your Spells              Type           Power        Failure   Level
a - Pain                  Necr           88%          1%          1
b - Animate Skeleton      Necr           44%          1%          1

Your spell library contained the following spells:

 Spells                   Type           Power        Failure   Level
 Vampiric Draining        Necr           11%          4%          3
 Animate Dead             Necr           11%          16%         4
 Agony                    Necr           22%          41%         5


Dungeon Overview and Level Annotations

Branches:
Dungeon (3/15)

Altars:
Fedhas
Kikubaaqudgha


Innate Abilities, Weirdness & Mutations

You have a pair of small horns on your head.
You are partially covered in sharp spines.
When hurt, damage is shared between your health and your magic reserves.


Message History

The gnoll is moderately wounded.
The orc shoots a stone.
The stone barely misses you. The gnoll closely misses you.
You hit the gnoll but do no damage.
You headbutt the gnoll, but do no damage.
The gnoll is moderately wounded.
The orc closely misses you.
The orc shoots a stone.
The stone completely misses you.
You closely miss the gnoll.
The gnoll is moderately wounded.
The gnoll is struck by your spines. The gnoll hits you with a +0 halberd!
The orc is struck by your spines. The orc barely misses you.
The orc shoots a stone.
The stone barely misses you.
You hit the gnoll but do no damage.
The gnoll is severely wounded.
The gnoll hits you with a +0 halberd!
* * * LOW HITPOINT WARNING * * *
The orc is struck by your spines. The orc completely misses you.
The orc shoots a stone.
The stone hits you.
You die...

#.# #.######o##.#.# .#
#.....##.##.#.# .#
#####.##.##.#.# #.# #.##)##.#.#
..#### #.##.##...###### .....#
#.##..###[...).#### .###.#
#.#.(...#..###.)..## .....##
#.#..oog##.######..# ###...#
#.#....@##..# ####.#
####..####.#.(..(###.# #....#
........##.#########.###.#####
#####......................).####
#..###.#########....####.....
#...##.### #..### ######
>#......# #...# ....#.....#
##..## ##......<.# ###...#


You could see a gnoll and 2 orcs.

Vanquished Creatures
  2 gnolls (D:3)
  6 adders
  An ooze (D:2)
  A worm (D:2)
  A dart slug (D:1)
  3 leopard geckos
  2 orcs (D:3)
  4 giant cockroaches
  3 hobgoblins
  15 kobolds
  A quokka (D:2)
  11 bats
  4 frilled lizards
  7 goblins
  6 rats
67 creatures vanquished.

Vanquished Creatures (collateral kills)
  A goblin (D:1)
  A rat (D:1)
2 creatures vanquished.

Grand Total: 69 creatures vanquished

Notes
Turn   | Place    | Note
-------+----------+-------------------------------------------
     0 | D:1      | septik the Demonspawn Necromancer began the quest for the
                  | Orb.
     0 | D:1      | Reached XP level 1. HP: 13/13 MP: 3/3
   500 | D:1      | Gained mutation: You are partially covered in sharp spines.
                  | [demonic ancestry]
   500 | D:1      | Reached XP level 2. HP: 14/19 MP: 0/5
   720 | D:1      | Learned a level 1 spell: Animate Skeleton
  1486 | D:2      | Gained mutation: When hurt, damage is shared between your
                  | health and your magic reserves. [demonic ancestry]
  1486 | D:2      | Reached XP level 3. HP: 16/24 MP: 1/7
  2258 | D:2      | Reached skill level 1 in Fighting
  2312 | D:2      | Reached skill level 5 in Necromancy
  2345 | D:2      | Reached XP level 4. HP: 25/32 MP: 3/8
  2783 | D:2      | Found a faded altar of an unknown god.
  3047 | D:2      | Found an ancient bone altar of Kikubaaqudgha.
  3048 | D:2      | Found a blossoming altar of Fedhas.
  3514 | D:3      | Gained mutation: You have a pair of small horns on your
                  | head. [demonic ancestry]
  3514 | D:3      | Reached XP level 5. HP: 35/38 MP: 6/10
  3536 | D:3      | HP: 1/38 [gnoll/+0 halberd (13)]
  3536 | D:3      | Shot with a stone by an orc

Illustrated notes

Levels and vault maps discovered:
D:1:      noname_arrival_rooms_in_the_neighbourhood, layout_basic
D:2:      minmay_razor_zed, layout_loops_corners,
          grunt_temple_overflow_growth_and_decay,
          chequers_ecumenical_altar_lobes, minmay_fountain_box
D:3:      layout_rooms

Skill      XL: |  1  2  3  4 |
---------------+-------------+-----
Spellcasting   | 3 |  3.5
Fighting       | 1 2 |  2.0
Necromancy     | 5 |  5.4
Dodging        | |  1.7
Stealth        | |  1.7

Action                   |  1- 3 |  4- 6 || total
-------------------------+-------+-------++-------
Melee: Club              |    10 |       ||    10
       Unarmed           |     2 |       ||     2
       Short sword       |     6 |     9 ||    15
       Headbutt          |       |     1 ||     1
 Cast: Pain              |    69 |    51 ||   120
       Animate Skeleton  |     4 |       ||     4
 Stab: Sleeping          |       |     1 ||     1
Armor: Robe              |     3 |     2 ||     5
Dodge: Dodged            |    23 |    24 ||    47
